 Dungeon Crawl Stone Soup version 0.28-a0-1616-g050a50673c (webtiles) character file.

Game seed: 5488870006076860834

424 grumblor the Ducker (level 6, -10/43 HPs)
             Began as an Octopode Fighter on Jan 22, 2022.
             Was an Initiate of Dithmenos.
             Killed from afar by an orc wizard (12 damage)
             ... with a puff of flame
             ... on level 4 of the Dungeon.
             The game lasted 00:05:55 (3954 turns).

grumblor the Ducker (Octopode Fighter)              Turns: 3954, Time: 00:05:55

Health: -10/43     AC:  1    Str: 16    XL:     6   Next: 96%
Magic:  8/8        EV: 14    Int: 10    God:    Dithmenos [......]
Gold:   150        SH:  5    Dex: 13    Spells: 8/8 levels left

rFire   . . .      SeeInvis .   a - +1 war axe
rCold   . . .      Faith    .   b - +0 buckler
rNeg    . . .      Spirit   .   (helmet restricted)
rPois   .          Reflect  .   (no amulet)
rElec   .          Harm     .   r - ring of resist corrosion
rCorr   +          Rampage  .   (no ring)
Will    .....                   (no ring)
Stlth   +++.......              (no ring)
HPRegen 0.14/turn               (no ring)
MPRegen 0.11/turn               (no ring)
                                (no ring)
                                (no ring)

@: no status effects
A: almost no armour, amphibious, 8 rings, camouflage 1, gelatinous body 1,
(nimble swimmer 1), tentacles
a: Renounce Religion


You were on level 4 of the Dungeon.
You worshipped Dithmenos.
Dithmenos was noncommittal.
You visited 2 branches of the dungeon, and saw 6 of its levels.

You collected 150 gold pieces.

Inventory:

Hand Weapons
 a - a +1 war axe (weapon)
Missiles
 i - a throwing net
 k - a boomerang
 n - 3 javelins (quivered)
Armour
 b - a +0 buckler (worn)
Jewellery
 d - a +6 ring of strength
 j - an amulet of faith
 r - a ring of resist corrosion (left tentacle)
Wands
 m - a wand of paralysis (10)
 p - a wand of digging (6)
Scrolls
 o - a scroll of teleportation
Potions
 c - 2 potions of might
 e - a potion of degeneration
 f - a potion of brilliance
 h - 4 potions of attraction
 l - 2 potions of flight
 q - a potion of curing


   Skills:
 * Level 3.8 Fighting
 + Level 3.5 Axes
 * Level 1.5 Throwing
 * Level 4.0 Dodging
 * Level 3.7 Stealth
 * Level 3.8 Shields
 * Level 1.6 Spellcasting
 * Level 1.6 Evocations


You had 8 spell levels left.
You didn't know any spells.
Your spell library contained the following spells:

 Spells                   Type           Power      Damage    Failure   Level
 Ozocubu's Armour         Ice            0%         N/A       77%         3
 Ozocubu's Refrigeration  Ice            0%         4d5       100%        7


Dungeon Overview and Level Annotations

Branches:
Dungeon (5/15)             Temple (1/1) D:4

Altars:
Ashenzari
Cheibriados
Dithmenos
Elyvilon
Fedhas
Gozag
Kikubaaqudgha
Okawaru
Qazlal
Sif Muna
Uskayaw
Vehumet
Wu Jian
Yredelemnul
Zin

Shops:
D:4 :

Annotations:
D:3 1 runed translucent door, croobank's ghost, amateur MiAK


Innate Abilities, Weirdness & Mutations

You cannot wear most types of armour.
You are amphibious.
You can wear up to eight rings at the same time.
Your skin changes colour to match your surroundings (Stealth+).
Your rubbery body absorbs attacks. (AC +1, EV +1)
((You are camouflaged when in or above water. (Stealth+)))
You have tentacles for arms and can constrict up to eight enemies at once.


Message History

You barely miss the ogre.
The ogre is almost dead.
You closely miss something. You block something's attack.
The ogre hits you with a +0 giant club!
* * * LOW HITPOINT WARNING * * *
Something hits you.
* * * LOW HITPOINT WARNING * * *
You barely miss the ogre. You squeeze the ogre.
You kill the ogre!
Dithmenos accepts your kill.
You miss something. Something hits you.
* * * LOW HITPOINT WARNING * * *
Your life force feels restored.
Your Dodging skill increases to level 4!
You feel much better.
You hear some strange, mumbled words.
A puff of flame appears from out of thin air!
The puff of flame hits you!
You barely miss something.
Your tentacle-slap misses something.
Your squeeze misses something. Something hits you. x2
You miss something. Something barely misses you.
You hit something but do no damage. You block something's attack.
You slash something! Something hits you.
* * * LOW HITPOINT WARNING * * *
Something hits you.
* * * LOW HITPOINT WARNING * * *
You closely miss something. Your squeeze misses something. Something hits you.
* * * LOW HITPOINT WARNING * * *
You miss something. Something hits you.
* * * LOW HITPOINT WARNING * * *
You miss something.
You hear some strange, mumbled words.
Something tries to affect you, but you resist.
Something hits you.
* * * LOW HITPOINT WARNING * * *
You closely miss something.
You hear some strange, mumbled words.
A puff of flame appears from out of thin air!
The puff of flame hits you!
You die...

#......##.......##...........
#......##.......##...>.......
#...............#............
###........#.#..)............
#.....).......)........#..P
#.......<....##.......###..
#.........#.###.......# #.P
#........{..# ##.....## #..
#.........@)####.....## ###
#..?.....).[..#.......#
#..>..........#.......#
#####.........#.......#
#.........##.....##
#.........###...##
########### #####


There were no monsters in sight!

Vanquished Creatures
  2 ogres (D:4)
  A gnoll sergeant (D:4)
  An orc priest (D:3)
  An orc wizard (D:4)
  2 adders (D:2)
  5 gnolls (D:4)
  A worm (D:3)
  3 dart slugs
  7 orcs
  4 ball pythons
  7 bats
  3 endoplasms
  5 goblins
  9 hobgoblins
  2 jackals (D:3)
  6 kobolds
  A quokka (D:1)
  3 frilled lizards
  7 rats
70 creatures vanquished.

Vanquished Creatures (others)
  A goblin (D:3)
1 creature vanquished.

Grand Total: 71 creatures vanquished

Notes
Turn   | Place    | Note
-------+----------+-------------------------------------------
     0 | D:1      | grumblor the Octopode Fighter began the quest for the Orb.
     0 | D:1      | Reached XP level 1. HP: 16/16 MP: 1/1
   240 | D:1      | Reached XP level 2. HP: 14/21 MP: 2/2
   608 | D:1      | Found a faded altar of an unknown god.
   910 | D:2      | Reached XP level 3. HP: 23/26 MP: 3/3
   913 | D:2      | Reached skill level 1 in Stealth
  1419 | D:2      | HP: 1/26 [poisoned by an adder]
  2043 | D:2      | Reached XP level 4. HP: 29/31 MP: 4/4
  2236 | D:3      | Found a snail-covered altar of Cheibriados.
  2915 | D:3      | Reached XP level 5. HP: 22/36 MP: 6/6
  3045 | D:3      | Found a white marble altar of Elyvilon.
  3209 | D:3      | Noticed croobank's ghost (amateur MiAK)
  3211 | D:3      | Found a runed translucent door.
  3411 | D:4      | Found a hide-covered altar of Uskayaw.
  3430 | D:4      | Found Otimpen's Book Shoppe.
  3480 | D:4      | Reached skill level 1 in Throwing
  3480 | D:4      | Reached skill level 1 in Spellcasting
  3480 | D:4      | Reached skill level 1 in Evocations
  3485 | D:4      | Reached XP level 6. HP: 39/42 MP: 7/7
  3564 | D:4      | Found a staircase to the Ecumenical Temple.
  3586 | Temple   | Entered the Ecumenical Temple
  3666 | Temple   | Became a worshipper of Dithmenos the Shadowed
  3777 | D:5      | Entered Level 5 of the Dungeon
  3946 | D:4      | Reached skill level 4 in Dodging
  3953 | D:4      | HP: 2/43 [something (4)]
  3954 | D:4      | Killed from afar by an orc wizard

Illustrated notes

Levels and vault maps discovered:
D:1:      grunt_arrival_crossed_arrows, layout_basic,
          ebering_ecumenical_altar_mist
D:2:      layout_basic, minmay_nonomino_d4
D:3:      layout_rooms, mainiacjoe_overflow_paths, mainiacjoe_overflow_brackets,
          gammafunk_ghost_grave, kennysheep_nub, grunt_decor_mini_mirrors,
          minmay_misc_feat_encased, minmay_goblin_outpost
D:4:      layout_rooms, general_overflow_altar, minmay_temple_entry_trees,
          serial_shops, nicolae_take_the_stairs, lightli_minifort
D:5:      layout_loops_cross, minivault_24, minmay_large_rounded_square,
          minmay_misc_feat_tiny
Temple:   nicolae_temple_hex_pool

Skill      XL: |  1  2  3  4  5  6 |
---------------+-------------------+-----
Stealth        | 1 2 3 |  3.7
Axes           | 3 |  3.5
Throwing       | 1 |  1.5
Spellcasting   | 1 |  1.6
Evocations     | 1 |  1.6
Dodging        | 4 |  4.0
Fighting       | |  3.8
Shields        | |  3.8

Action                   |  1- 3 |  4- 6 || total
-------------------------+-------+-------++-------
Melee: War axe           |    57 |    53 ||   110
       Constrict         |    15 |    10 ||    25
       Tentacles         |     7 |     6 ||    13
       Punch             |     1 |     1 ||     2
Throw: Boomerang         |       |     5 ||     5
       Javelin           |       |     5 ||     5
Evoke: Wand              |       |     2 ||     2
  Use: Scroll            |     4 |     6 ||    10
       Potion            |       |     1 ||     1
 Stab: Sleeping          |     6 |     3 ||     9
Armor: Skin              |     9 |     2 ||    11
Dodge: Dodged            |    30 |    30 ||    60
Block: Buckler           |    13 |    15 ||    28

Table legend: (Time is in decaauts)
 A = Elapsed time spent in this place.
 B = Non-inter-level travel time spent in this place.
 C = Inter-level travel time spent in this place.
 D = Time resting spent in this place.
 E = Time spent auto-exploring this place.
 F = Levels seen in this place.
 G = Mean time per level.
                   A        B        C        D        E       F      G
               +--------+--------+--------+--------+--------+-----+--------+
         Total |   4003 |   3917 |     86 |    785 |   2580 |   6 |  667.2 |
       Dungeon |   3900 |   3837 |     63 |    785 |   2550 |   5 |  780.0 |
        Temple |    103 |     80 |     23 |      0 |     30 |   1 |  103.0 |
               +--------+--------+--------+--------+--------+-----+--------+

Top non-repeatable levels by time:
     D:2: 1410 daAuts
     D:3: 1118 daAuts
     D:1: 848 daAuts
     D:4: 513 daAuts
  Temple: 103 daAuts
     D:5: 9 daAuts
